 Dungeon Crawl Stone Soup version 0.28-a0-589-g333b8329f1 (webtiles) character file.

Game seed: 1662604278700315025

19420 Demosthentine the Spear-Bearer (level 12, -4/100 HPs)
             Began as a Merfolk Gladiator on Oct 4, 2021.
             Was a Believer of the Shining One.
             Slain by a boulder beetle (56 damage)
             ... on level 12 of the Dungeon.
             The game lasted 00:24:22 (20292 turns).

Demosthentine the Spear-Bearer (Merfolk Gladiator) Turns: 20292, Time: 00:24:23

Health: -4/100     AC: 11    Str: 17    XL:     12   Next: 68%
Magic:  24/24      EV: 20    Int:  8    God:    the Shining One [**....]
Gold:   1991       SH: 10    Dex: 17    Spells: 11/11 levels left

rFire   . . .      SeeInvis .   b - +4 trident
rCold   . . .      Faith    .   m - +0 buckler
rNeg    + + .      Spirit   .   d - +0 steam dragon scales
rPois   .          Reflect  +   c - +0 helmet
rElec   .          Harm     .   t - +0 cloak
rCorr   .          Rampage  .   f - +1 pair of gloves
Will    .....                   (no boots)
Stlth   +.........              g - amulet of reflection
HPRegen 0.00/turn               I - ring of positive energy
MPRegen 0.19/turn               G - ring of magical power

@: inhibited regen, glowing
A: (nimble swimmer 2), mertail, inhibited regeneration
a: Renounce Religion, Divine Shield


You were on level 12 of the Dungeon.
You worshipped the Shining One.
The Shining One was pleased with you.
You visited 2 branches of the dungeon, and saw 13 of its levels.
You also visited: Sewer and Bailey.

You collected 1991 gold pieces.

Inventory:

Hand Weapons
 b - a +4 trident (weapon)
Missiles
 A - a throwing net (quivered)
Armour
 c - a +0 helmet (worn)
 d - +0 steam dragon scales (worn)
 f - a +1 pair of gloves (worn)
 m - a +0 buckler (worn)
 t - a +0 cloak (worn)
Jewellery
 g - an amulet of reflection (around neck)
 l - an amulet of regeneration
 G - a ring of magical power (right hand)
 I - a ring of positive energy (left hand)
Wands
 h - a wand of mindburst (30)
 n - a wand of digging (15)
 q - a wand of acid (10)
 v - a wand of polymorph (6)
 x - a wand of flame (71)
 C - a wand of iceblast (23)
 E - a wand of paralysis (10)
Scrolls
 e - 6 scrolls of enchant armour
 o - 2 scrolls of vulnerability
 p - a scroll of magic mapping
 r - 4 scrolls of amnesia
 y - 3 scrolls of fog
 z - 3 scrolls of enchant weapon
 B - 5 scrolls of teleportation
 D - a scroll of blinking
 H - 2 scrolls of fear
Potions
 a - 4 potions of attraction
 i - 3 potions of flight
 j - 2 potions of ambrosia
 k - a potion of haste
 u - a potion of resistance
 w - 5 potions of curing
 F - 2 potions of cancellation
 J - a potion of berserk rage
 L - a potion of brilliance


   Skills:
 + Level 11.4 Fighting
 + Level 14.9 Polearms
 - Level 2.0 Throwing
 - Level 7.1 Armour
 + Level 13.7 Dodging
 - Level 4.0 Shields
 + Level 4.0 Invocations


You had 11 spell levels left.
You didn't know any spells.
Your spell library contained the following spells:

 Spells                   Type           Power      Damage    Failure   Level
 Animate Skeleton         Necr           0%         N/A       41%         1
 Apportation              Tloc           0%         N/A       41%         1
 Foxfire                  Conj/Fire      0%         2x1d4     41%         1
 Sandblast                Erth           0%         2d4       41%         1
 Summon Small Mammal      Summ           0%         N/A       41%         1
 Passwall                 Tmut/Erth      0%         N/A       54%         2
 Static Discharge         Conj/Air       0%         N/A       54%         2
 Sublimation of Blood     Necr           0%         N/A       54%         2
 Call Canine Familiar     Summ           0%         N/A       78%         3
 Conjure Flame            Conj/Fire      0%         6-21      78%         3
 Inner Flame              Hex/Fire       0%         N/A       78%         3
 Portal Projectile        Hex/Tloc       0%         N/A       78%         3
 Stone Arrow              Conj/Erth      0%         3d7       78%         3
 Dispel Undead            Necr           0%         3d6       99%         4
 Flame Wave               Conj/Fire      0%         3d3       99%         4
 Leda's Liquefaction      Hex/Erth       0%         N/A       99%         4
 Petrify                  Tmut/Erth      0%         N/A       99%         4
 Sticky Flame             Conj/Fire      0%         2d3       99%         4
 Irradiate                Conj/Tmut      0%         3d13      100%        5


Dungeon Overview and Level Annotations

Branches:
Dungeon (12/15)            Temple (1/1) D:7            Lair (0/6) D:9
    Orc (0/2) D:11          Sewer (visited)          Bailey (visited)

Altars:
Ashenzari
Cheibriados
Dithmenos
Elyvilon
Fedhas
Gozag
Hepliaklqana
Kikubaaqudgha
Makhleb
Nemelex Xobeh
Okawaru
Qazlal
Ru
Sif Muna
Trog
Uskayaw
Vehumet
Wu Jian
Xom
Yredelemnul
Zin
The Shining One
Beogh

Shops:
D:4 (=[(   D:7 (   D:11 =

Annotations:
D:3 3 runed translucent doors, miscthings's ghost, amateur NaFi
D:6 1 runed translucent door, SkeletonJelly's ghost, novice TeFE
D:10 exclusion: ice statue


Innate Abilities, Weirdness & Mutations

((You are quick and stealthy near water. (Stealth+, EV+, Speed+++)))
Your lower body shifts to a powerful aquatic tail in water.
You do not regenerate when monsters are visible.


Message History

You hit the boulder beetle but do no damage.
The boulder beetle is lightly wounded.
The boulder beetle completely misses you.
You puncture the boulder beetle!
The boulder beetle is lightly wounded.
You puncture the boulder beetle!
The boulder beetle is moderately wounded.
The boulder beetle waves its antennae.
The boulder beetle completely misses you.
You hit the boulder beetle but do no damage.
The boulder beetle is moderately wounded.
You hit the boulder beetle but do no damage.
The boulder beetle is moderately wounded.
You block the boulder beetle's attack.
You hit the boulder beetle but do no damage.
The boulder beetle is moderately wounded.
The boulder beetle bites you!!
You hit the boulder beetle but do no damage.
The boulder beetle is moderately wounded.
You hit the boulder beetle.
The boulder beetle is moderately wounded.
You block the boulder beetle's attack.
You hit the boulder beetle but do no damage.
The boulder beetle is moderately wounded.
A phantasmal warrior comes into view.
You hit the boulder beetle but do no damage.
The boulder beetle is moderately wounded.
The boulder beetle bites you!
You hit the boulder beetle.
The boulder beetle is moderately wounded.
The phantasmal warrior gestures at you.
The phantasmal warrior blinks!
The boulder beetle bites you!
The boulder beetle curls into a ball and begins rolling!
Unknown command.
Unknown command.
Unknown command.
The phantasmal warrior gestures at you.
The phantasmal warrior blinks!
The boulder beetle hits you!!!
Ouch! That really hurt!
You die...

#≈≈≈≈≈≈≈
###≈≈≈≈≈#
#....≈.##
#.......#
#.......####
####<......#
#.##....#
#.##W...#
#.###@###
#.# #B## #.#
#○.# # ..#
##°###.# ..#
#°(...#
#§.###...
#W.<....#
#.......+
........##


You could see a boulder beetle (rolling) and a phantasmal warrior.

Vanquished Creatures
  Snorg (D:11)
  A boulder beetle (D:8)
  Erica (D:8)
  A two-headed ogre (D:9)
  Urug (D:11)
  An orc high priest (Bailey)
  Sonja (D:10)
  A skeletal warrior (D:8)
  3 orc knights (Bailey)
  An orc sorcerer (Bailey)
  A manticore (D:11)
  2 cyclopes (D:11)
  Maggie (D:6)
  Psyche (D:9)
  An unseen horror (D:9)
  2 kobold demonologists
  A komodo dragon (D:9)
  A meliai (D:11)
  A troll (D:5)
  Prince Ribbit (D:8)
  A hornet (D:10)
  A shadow (D:11)
  Sigmund (D:4)
  A wraith (D:11)
  Eustachio (D:6)
  Grum (D:8)
  A warg (D:11)
  4 vampire mosquitoes (D:9)
  2 acid dragons
  5 water moccasins
  Duvessa (D:5)
  An ice beast (D:7)
  A sky beast (D:5)
  Purgy (Sewer)
  A hornet zombie (D:8)
  6 ogres
  6 black bears (D:9)
  2 necrophages (D:5)
  13 orc warriors
  2 wolves
  10 centaurs
  3 bullfrogs
  5 kobold brigands
  A wyvern zombie (D:9)
  A scorpion (D:7)
  Dowan (D:5)
  A wyvern skeleton (D:7)
  A water moccasin skeleton (D:4)
  15 killer bees
  3 wights
  8 electric eels
  3 howler monkeys
  5 centaur zombies
  A crimson imp (D:4)
  A jelly (D:7)
  4 hounds
  2 gnoll shamans
  7 orc priests
  2 centaur skeletons
  3 iguanas
  6 orc wizards
  14 gnolls
  A howler monkey skeleton (D:5)
  4 adders
  A shadow imp (D:8)
  A white imp (D:3)
  An ufetubus (D:5)
  An adder skeleton (D:4)
  4 worms
  43 orcs
  8 endoplasms
  3 giant cockroaches
  21 hobgoblins
  3 jackals (D:1)
  6 quokkas
  7 ball pythons
  9 bats
  2 frilled lizards
  12 goblins
  22 kobolds
  4 rats
326 creatures vanquished.

Vanquished Creatures (others)
  A wizard (D:7)
  51 fungi (D:9)
  43 plants (D:9)
95 creatures vanquished.

Grand Total: 421 creatures vanquished

Notes
Turn   | Place    | Note
-------+----------+-------------------------------------------
     0 | D:1      | Demosthentine the Merfolk Gladiator began the quest for the
                  | Orb.
     0 | D:1      | Reached XP level 1. HP: 16/16 MP: 1/1
   192 | D:1      | Reached XP level 2. HP: 23/23 MP: 2/2
   890 | D:2      | Reached XP level 3. HP: 28/28 MP: 3/3
  1033 | D:2      | Reached skill level 5 in Polearms
  1498 | D:2      | Reached skill level 1 in Armour
  1767 | D:2      | Found a faded altar of an unknown god.
  1824 | D:2      | Reached XP level 4. HP: 34/34 MP: 4/4
  1971 | D:3      | Found a glowing drain.
  1991 | Sewer    | Entered a sewer
  2030 | Sewer    | Noticed Purgy
  2060 | Sewer    | Killed Purgy
  2061 | Sewer    | Reached skill level 5 in Dodging
  2061 | Sewer    | Reached XP level 5. HP: 14/41 MP: 5/5
  2916 | D:3      | Reached skill level 6 in Polearms
  2916 | D:3      | Reached XP level 6. HP: 48/48 MP: 6/6
  3495 | D:3      | Found a runed translucent gate.
  3495 | D:3      | Noticed miscthings's ghost (amateur NaFi)
  3496 | D:3      | Identified the +10 hand axe of Beyond {pain, Will+}
  3507 | D:3      | Found a runed translucent gate.
  3508 | D:3      | Found a runed translucent gate.
  3572 | D:3      | Noticed a water moccasin
  3583 | D:3      | Killed a water moccasin
  3584 | D:3      | Reached skill level 1 in Shields
  3993 | D:4      | Found Binulaps's Jewellery Shop.
  4006 | D:4      | Noticed Sigmund
  4030 | D:3      | Reached XP level 7. HP: 29/54 MP: 7/7
  4233 | D:4      | Killed Sigmund
  4234 | D:4      | Reached skill level 7 in Polearms
  4307 | D:4      | Found a glowing silver altar of Zin.
  4528 | D:4      | Found Xacom's Weapon Emporium.
  4609 | D:4      | Found Viotuc's Antique Armour Emporium.
  4616 | D:4      | Found Cuixeosh's Antique Weapon Shoppe.
  4774 | D:4      | Reached XP level 8. HP: 60/61 MP: 8/8
  4814 | D:4      | Found a burning altar of Makhleb.
  4814 | D:4      | Found a shimmering altar of Xom.
  4820 | D:4      | Reached skill level 5 in Fighting
  5240 | D:5      | Entered Level 5 of the Dungeon
  5456 | D:5      | Noticed Duvessa
  5457 | D:5      | Noticed Dowan
  5477 | D:5      | Killed Duvessa
  5484 | D:5      | Killed Dowan
  5639 | D:5      | Found a basalt altar of Yredelemnul.
  5676 | D:5      | Reached skill level 8 in Polearms
  5931 | D:5      | Identified the +1 plate armour of Omission {Int+4 Dex+3}
  6386 | D:5      | Reached XP level 9. HP: 49/69 MP: 9/9
  6833 | D:6      | Noticed a troll
  7002 | D:5      | Reached skill level 9 in Polearms
  7315 | D:5      | Killed a troll
  7569 | D:6      | Noticed Maggie
  7635 | D:6      | HP: 2/71 [Maggie/bolt of fire (25)]
  7643 | D:6      | HP: 3/71 [Maggie (2)]
  7646 | D:6      | Killed Maggie
  7941 | D:6      | Noticed Eustachio
  7969 | D:6      | Killed Eustachio
  8091 | D:6      | Reached skill level 10 in Polearms
  8230 | D:6      | Found a runed translucent door.
  8235 | D:6      | Noticed SkeletonJelly's ghost (novice TeFE)
  8719 | D:7      | Found Nascho Tuifa's Antique Weapon Emporium.
  9050 | D:7      | Reached XP level 10. HP: 42/79 MP: 10/10
  9536 | D:7      | Found a staircase to the Ecumenical Temple.
  9548 | Temple   | Entered the Ecumenical Temple
  9625 | Temple   | Became a worshipper of the Shining One
  9728 | D:7      | Found a hide-covered altar of Uskayaw.
  9741 | D:7      | Found a stormy altar of Qazlal.
  9761 | D:7      | Reached skill level 5 in Armour
 10453 | D:7      | Found a bloodstained altar of Trog.
 10457 | D:7      | Noticed a wizard
 10461 | D:7      | Killed a wizard
 10996 | D:8      | Reached skill level 10 in Dodging
 11062 | D:8      | Noticed Prince Ribbit
 11099 | D:8      | Killed Prince Ribbit
 11100 | D:8      | Reached skill level 11 in Polearms
 11694 | D:8      | Noticed Grum
 12012 | D:8      | Killed Grum
 12181 | D:8      | Noticed a boulder beetle
 12265 | D:8      | Killed a boulder beetle
 12597 | D:8      | Noticed Erica
 12620 | D:8      | Killed Erica
 12621 | D:8      | Reached skill level 12 in Polearms
 12621 | D:8      | Reached XP level 11. HP: 23/89 MP: 11/11
 12967 | D:8      | Found a sparkling altar of Nemelex Xobeh.
 13110 | D:8      | Noticed a skeletal warrior
 13409 | D:8      | Killed a skeletal warrior
 14092 | D:9      | Reached * piety under the Shining One
 14133 | D:9      | Found a staircase to the Lair.
 14174 | D:9      | Noticed a two-headed ogre
 14189 | D:9      | Killed a two-headed ogre
 14208 | D:9      | Identified the +4 whip of the Fifty Princes {flame, Str+4}
 14485 | D:9      | Reached skill level 13 in Polearms
 14505 | D:9      | Found a flagged portal.
 14527 | Bailey   | Entered a bailey
 14933 | Bailey   | Noticed an orc sorcerer
 14933 | Bailey   | Noticed an orc high priest
 14934 | Bailey   | Found an iron altar of Okawaru.
 14957 | Bailey   | Noticed a sixfirhy
 15093 | Bailey   | Killed an orc sorcerer
 15094 | Bailey   | Reached skill level 10 in Fighting
 15194 | Bailey   | Gained mutation: You do not regenerate when monsters are
                  | visible. [a neqoxec]
 15197 | Bailey   | Killed an orc high priest
 15280 | Bailey   | Noticed an orc knight
 15289 | Bailey   | Noticed an orc knight
 15338 | Bailey   | Killed an orc knight
 15351 | Bailey   | Killed an orc knight
 15661 | Bailey   | Noticed an orc knight
 15682 | Bailey   | Killed an orc knight
 15683 | Bailey   | Reached XP level 12. HP: 77/98 MP: 12/12
 16088 | D:9      | Noticed Psyche
 16101 | D:9      | Killed Psyche
 16470 | D:9      | Acquired 556 gold pieces
 16472 | D:9      | Acquired 841 gold pieces
 16482 | D:10     | Entered Level 10 of the Dungeon
 16624 | D:10     | Reached ** piety under the Shining One
 16653 | D:10     | Reached skill level 14 in Polearms
 16653 | D:10     | Reached skill level 1 in Invocations
 17056 | D:10     | Noticed Sonja
 17073 | D:10     | Killed Sonja
 18379 | D:11     | Noticed Snorg
 18394 | D:11     | Killed Snorg
 19082 | D:11     | Noticed a sun demon
 19351 | D:11     | Noticed Urug
 19368 | D:11     | Killed Urug
 19693 | D:11     | Found a staircase to the Orcish Mines.
 19926 | D:11     | Found Lomagh's Jewellery Boutique.
 20272 | D:12     | Noticed a boulder beetle
 20292 | D:12     | Slain by a boulder beetle

Illustrated notes

Levels and vault maps discovered:
D:1:      erik_arrival_orb_chamber, layout_loops_ring
D:2:      layout_loops_ring, chequers_ecumenical_altar_simple
D:3:      layout_loops_ring, biasface_ghost_orc_armoury, gup_sewer_entry_pipe
D:4:      layout_gridville, grunt_temple_overflow_champion_of_chaos,
          zin_statuary, serial_shops, nicolae_take_the_stairs, shop, shop, shop,
          uniq_sigmund
D:5:      layout_rooms, mainiacjoe_overflow_24_doors, uniq_duvessa
D:6:      layout_rooms, ebering_ghost_reflecting_pool, serial_corexii_hall,
          corexii_hall_statues_u, chequers_hall_statues_corner_a,
          columned_hall_lemuel, kennysheep_generic_room_9, uniq_eustachio,
          uniq_maggie
D:7:      layout_basic, eat_drink_and_be_merry_uskayaw,
          nicolae_qazlal_general_emergency, trog_wizard,
          minmay_temple_entry_antechambers, serial_shops,
          nicolae_inconvenience_store
D:8:      wad_cavern_with_rooms, layout_cave_pools, nemelex_spade_bored_becter,
          st_stairs_14, grunt_ogre_cave, lightli_orcish_oven,
          uniq_prince_ribbit1, uniq_erica, uniq_grum
D:9:      layout_loops_ring, due_lair_maze_entry_diamond, enter_bailey_4,
          uniq_psyche
D:10:     layout_roguey, minmay_misc_feat_alley, minivault_16, uniq_sonja
D:11:     layout_stronghold, david_orc_1_choice, serial_shops, shop,
          minmay_microvault, uniq_snorg, uniq_urug
D:12:     layout_basic, serial_shops, kennysheep_mini, water_boxes_lemuel
Temple:   nicolae_temple_great_sept

Skill      XL: |  1  2  3  4  5  6  7  8  9 10 11 12 |
---------------+-------------------------------------+-----
Polearms       | 5 6 7 8 10 12 13 14 | 14.9
Armour         | 1 2 3 4 5 7 |  7.1
Fighting       | 3 4 5 7 9 10 11 | 11.4
Dodging        | 5 6 7 9 11 12 13 | 13.7
Shields        | 1 2 4 |  4.0
Invocations    | 4 |  4.0
Throwing       | |  2.0

Action                   |  1- 3 |  4- 6 |  7- 9 | 10-12 || total
-------------------------+-------+-------+-------+-------++-------
Melee: Trident           |   129 |   163 |   413 |   997 ||  1702
       Tailslap          |       |     3 |       |    23 ||    26
Throw: Throwing net      |       |     2 |     2 |     2 ||     6
  Use: Scroll            |     1 |     6 |     3 |    13 ||    23
       Potion            |       |     1 |     4 |     3 ||     8
 Stab: Sleeping          |     4 |     1 |     1 |       ||     6
       Held in net/web   |       |     2 |     1 |       ||     3
       Distracted        |       |     1 |     1 |     1 ||     3
Armor: Leather armour    |    24 |    38 |    60 |       ||   122
       Steam dragon scal |       |       |    16 |    88 ||   104
       Skin              |       |       |       |     4 ||     4
Dodge: Dodged            |    62 |    89 |   270 |   434 ||   855
Block: Other             |       |    14 |    79 |       ||    93
       Reflection        |       |       |     3 |    26 ||    29
       Buckler           |       |       |    14 |   339 ||   353

Table legend: (Time is in decaauts)
 A = Elapsed time spent in this place.
 B = Non-inter-level travel time spent in this place.
 C = Inter-level travel time spent in this place.
 D = Time resting spent in this place.
 E = Time spent auto-exploring this place.
 F = Levels seen in this place.
 G = Mean time per level.
                   A        B        C        D        E       F      G
               +--------+--------+--------+--------+--------+-----+--------+
         Total |  19815 |  19552 |    263 |   2850 |  13594 |  15 | 1321.0 |
       Dungeon |  18046 |  17783 |    263 |   2772 |  12217 |  12 | 1503.8 |
        Temple |     87 |     87 |      0 |      0 |     60 |   1 |   87.0 |
         Sewer |    317 |    317 |      0 |      0 |    259 |   1 |  317.0 |
        Bailey |   1364 |   1364 |      0 |     78 |   1057 |   1 | 1364.0 |
               +--------+--------+--------+--------+--------+-----+--------+

Top non-repeatable levels by time:
     D:7: 2881 daAuts
     D:8: 2595 daAuts
     D:5: 2149 daAuts
    D:11: 1933 daAuts
     D:3: 1647 daAuts
    D:10: 1414 daAuts
  Bailey: 1364 daAuts
     D:2: 1334 daAuts
     D:9: 1175 daAuts
     D:4: 1050 daAuts
     D:6: 959 daAuts
     D:1: 876 daAuts
   Sewer: 317 daAuts
  Temple: 87 daAuts
    D:12: 27 daAuts
